 Dungeon Crawl Stone Soup version 0.28.0 (webtiles) character file.

Game seed: 13022411745610263000

925 Prodoman the Magician (level 7, -6/46 HPs)
             Began as a Demonspawn Hedge Wizard on Feb 4, 2022.
             Shot with an arrow by a centaur (14 damage)
             ... on level 5 of the Dungeon.
             The game lasted 00:27:25 (5294 turns).

Prodoman the Magician (Demonspawn Hedge Wizard)     Turns: 5294, Time: 00:27:26

Health: -6/46      AC:  3    Str: 10    XL:     7   Next: 84%
Magic:  16/24      EV: 12    Int: 24    God:
Gold:   220        SH:  0    Dex: 14    Spells: 7/17 levels left

rFire   + . .      SeeInvis .   w - +2 morningstar (protect)
rCold   . . .      Faith    .   (no shield)
rNeg    . . .      Spirit   .   i - +1 robe {Will+}
rPois   .          Reflect  .   c - +0 hat
rElec   .          Harm     .   (no cloak)
rCorr   .          Rampage  .   (no gloves)
Will    +....                   (no boots)
Stlth   ++........              (no amulet)
HPRegen 0.15/turn               l - ring of magical power
MPRegen 0.19/turn               s - ring of protection from fire

@: no status effects
A: powered by death 1, big brain 3, agile 1, noise suppression
a: no special abilities


You were on level 5 of the Dungeon.
You visited 1 branch of the dungeon, and saw 5 of its levels.
You also visited: Sewer.

You collected 220 gold pieces.

Inventory:

Hand Weapons
 a - a +0 dagger
 f - a +2 dagger of venom
 w - a +2 morningstar of protection (weapon)
Armour
 b - a +0 robe
 c - a +0 hat (worn)
 i - a +1 robe of willpower (worn)
 t - an orb of wrath
Jewellery
 l - a ring of magical power (left hand)
 s - a ring of protection from fire (right hand)
 v - a ring of resist corrosion
Scrolls
 g - 3 scrolls of teleportation
 j - a scroll of enchant weapon {unknown}
 m - a scroll of enchant armour {unknown}
 o - a scroll of blinking {unknown}
 q - 2 scrolls of noise {unknown}
 u - a scroll of amnesia {unknown}
Potions
 d - a potion of haste
 e - a potion of might
 h - a potion of brilliance
 k - a potion of mutation
 n - a potion of resistance
 p - a potion of lignification {unknown}


   Skills:
 + Level 2.8 Dodging
 - Level 2.0 Stealth
 * Level 5.6 Spellcasting
 + Level 3.6 Conjurations
 + Level 3.2 Hexes
 + Level 3.6 Summonings
 - Level 1.0 Translocations
 + Level 1.8 Ice Magic


You had 7 spell levels left.
You knew the following spells:

 Your Spells              Type           Power      Damage    Failure   Level
a - Magic Dart            Conj           96%        1d7       1%          1
b - Call Imp              Summ           24%        N/A       1%          2
c - Slow                  Hex            88%        N/A       1%          1
d - Ozocubu's Armour      Ice            15%        N/A       4%          3
e - Conjure Flame         Conj/Fire      15%        6-21      4%          3

Your spell library contained the following spells:

 Spells                   Type           Power      Damage    Failure   Level
 Blink                    Tloc           22%        N/A       3%          2
 Mephitic Cloud           Conj/Pois/Air  12%        N/A       6%          3
 Ozocubu's Refrigeration  Ice            7%         4d6       100%        7


Dungeon Overview and Level Annotations

Branches:
Dungeon (5/15)              Sewer (visited)
 Temple: D:4-7

Altars:
Trog
Uskayaw


Innate Abilities, Weirdness & Mutations

You regenerate a little health from kills.
You have an absolutely massive brain. (Int +6, Wiz)
You are agile. (Dex +2)
You passively dampen the noise of your surroundings.


Message History

Your iron imp closely misses the black bear.
Casting: Conjure Flame (dangerous; 4% risk of failure)
Confirm with . or Enter, or press ? or * to list all spells.
You can't see any susceptible monsters within range! (Use Z to cast anyway.)
The black bear bites your iron imp but does no damage.
The black bear claws your iron imp but does no damage.
The black bear claws your iron imp.
Your iron imp hits the black bear!
The black bear closely misses your iron imp.
The black bear claws your iron imp.
The black bear claws your iron imp but does no damage.
Your iron imp hits the black bear!
The black bear closely misses your iron imp.
The black bear claws your iron imp.
The black bear closely misses your iron imp.
Your iron imp hits the black bear!
The black bear dies!
The jelly completely misses your iron imp.
The jelly is engulfed in blazing flames.
You kill the jelly!
Casting: Conjure Flame (dangerous; 4% risk of failure)
Confirm with . or Enter, or press ? or * to list all spells.
You can't see any susceptible monsters within range! (Use Z to cast anyway.) Unknown command.
You swap places.
Casting: Conjure Flame (dangerous; 4% risk of failure)
Confirm with . or Enter, or press ? or * to list all spells.
The fire begins to smoulder!
You swap places.
Your iron imp smothers the flame.
A centaur and a water moccasin skeleton come into view.
Found a potion of haste.
The centaur shouts!
The orc closely misses your iron imp.
The centaur wields a +0 shortbow.
The centaur shoots an arrow.
The arrow hits you!
Found a pair of boots.
The orc barely misses your iron imp.
The centaur shoots an arrow.
The arrow hits you!
A howler monkey skeleton comes into view.
The centaur shoots an arrow.
The arrow hits you!
* * * LOW HITPOINT WARNING * * *
The centaur shoots an arrow.
The arrow hits you!
You die...

# .### Z..## #..#
#.### #.@.###...
#########5.......#
##)..ohl.o.#.####.[
#)<#########.cZ
.o.l...## ###!.
JP.o### ... _.. #.
.P .


You could see a centaur, an orc, a howler monkey skeleton and a friendly iron
imp (summoned).

Vanquished Creatures
  An ogre (D:4)
  A centaur (D:4)
  Blork the orc (D:4)
  2 jellies
  2 orc priests
  2 iguanas (D:4)
  An orc wizard (D:4)
  A merfolk avatar (Sewer)
  A hound skeleton (D:4)
  7 gnolls (D:4)
  4 river rats
  7 adders
  3 dart slugs
  3 worms (D:4)
  8 orcs
  4 bats
  6 endoplasms
  4 giant cockroaches
  5 goblins
  7 hobgoblins
  4 jackals (D:4)
  2 quokkas
  8 ball pythons
  5 frilled lizards
  4 kobolds
  23 rats
116 creatures vanquished.

Vanquished Creatures (collateral kills)
  A black bear (D:5)
  A scorpion (D:4)
  A merfolk siren (Sewer)
  An adder (Sewer)
  A ball python (Sewer)
  A frilled lizard (Sewer)
  4 rats
10 creatures vanquished.

Grand Total: 126 creatures vanquished

Notes
Turn   | Place    | Note
-------+----------+-------------------------------------------
     0 | D:1      | Prodoman the Demonspawn Hedge Wizard began the quest for
                  | the Orb.
     0 | D:1      | Reached XP level 1. HP: 13/13 MP: 4/4
   308 | D:1      | Reached skill level 1 in Translocations
   348 | D:1      | Gained mutation: You regenerate a little health from kills.
                  | [demonic ancestry]
   348 | D:1      | Reached XP level 2. HP: 18/19 MP: 0/6
  1092 | D:1      | Learned a level 2 spell: Call Imp
  1094 | D:1      | Learned a level 1 spell: Slow
  1495 | D:2      | Gained mutation: You have an unusually large brain. (Int
                  | +2) [demonic ancestry]
  1495 | D:2      | Reached XP level 3. HP: 24/24 MP: 2/7
  1927 | D:2      | Gained mutation: You sometimes lose the ability to read
                  | scrolls when taking damage. [potion of mutation]
  1927 | D:2      | Gained mutation: Your magical capacity is low. (-10% MP)
                  | [potion of mutation]
  2691 | D:3      | Lost mutation: You sometimes lose the ability to read
                  | scrolls when taking damage. [potion of mutation]
  2691 | D:3      | Lost mutation: Your magical capacity is low. (-10% MP)
                  | [potion of mutation]
  2691 | D:3      | Gained mutation: You passively dampen the noise of your
                  | surroundings. [potion of mutation]
  2691 | D:3      | Gained mutation: You are agile. (Dex +2) [potion of
                  | mutation]
  2757 | D:3      | Found a faded altar of an unknown god.
  3191 | D:4      | Reached skill level 1 in Hexes
  3191 | D:4      | Gained mutation: You have an extremely huge brain. (Int +4)
                  | [demonic ancestry]
  3191 | D:4      | Reached XP level 4. HP: 30/30 MP: 9/9
  3262 | D:4      | Reached skill level 4 in Spellcasting
  3342 | D:4      | Noticed Blork the orc
  3380 | D:4      | Killed Blork the orc
  3381 | D:4      | Reached XP level 5. HP: 23/35 MP: 11/11
  3425 | D:4      | Found a glowing drain.
  3446 | Sewer    | Entered a sewer
  3565 | Sewer    | Reached XP level 6. HP: 15/41 MP: 12/12
  4090 | D:4      | Learned a level 3 spell: Ozocubu's Armour
  4309 | D:4      | Reached skill level 5 in Spellcasting
  4415 | D:4      | Learned a level 3 spell: Conjure Flame
  4775 | D:4      | Reached skill level 1 in Ice Magic
  4775 | D:4      | Gained mutation: You have an absolutely massive brain. (Int
                  | +6, Wiz) [demonic ancestry]
  4775 | D:4      | Reached XP level 7. HP: 46/46 MP: 14/14
  4938 | D:4      | Found a hide-covered altar of Uskayaw.
  5261 | D:5      | Entered Level 5 of the Dungeon
  5261 | D:5      | Found a bloodstained altar of Trog.
  5294 | D:5      | Shot with an arrow by a centaur

Illustrated notes

Levels and vault maps discovered:
D:1:      minmay_arrival_four_houses, layout_loops_corners
D:2:      layout_basic
D:3:      layout_rooms, basic_ecumenical_altar
D:4:      layout_loops_ring, portal_sewer_entry_b, kennysheep_diamond,
          chequers_jeans, eino_small_chamber_without_monster, uniq_blork_the_orc
D:5:      layout_rooms, mainiacjoe_overflow_24_doors, trog_ov_bears_minmay,
          temple_doors_e, abandoned_shop, minmay_misc_feat_secret_circle

Skill      XL: |  1  2  3  4  5  6  7 |
---------------+----------------------+-----
Translocations | 1 |  1.0
Stealth        | 2 |  2.0
Dodging        | 2 |  2.8
Hexes          | 1 2 3 |  3.2
Conjurations   | 2 3 |  3.6
Spellcasting   | 4 5 |  5.6
Summonings     | 2 3 |  3.6
Ice Magic      | 1 |  1.8

Action                   |  1- 3 |  4- 6 |  7- 9 || total
-------------------------+-------+-------+-------++-------
Melee: Dagger            |    14 |    88 |       ||   102
       Punch             |       |     1 |       ||     1
       Morningstar       |       |     3 |    26 ||    29
 Cast: Magic Dart        |   101 |    60 |    16 ||   177
       Call Imp          |     3 |    12 |     2 ||    17
       Conjure Flame     |       |     1 |     5 ||     6
       Slow              |       |       |     1 ||     1
       Ozocubu's Armour  |       |       |     1 ||     1
Evoke: Wand              |       |    12 |     6 ||    18
  Use: Scroll            |     3 |     2 |       ||     5
       Potion            |     2 |     5 |     2 ||     9
 Stab: Sleeping          |     1 |       |       ||     1
       Distracted        |       |     1 |       ||     1
Armor: Robe              |     7 |    26 |    14 ||    47
Dodge: Dodged            |    24 |    79 |    36 ||   139
